 Dungeon Sprint DCSS version 0.26-a0-649-gf8c6c3aab7 (webtiles) character file.

Game seed: 11340155559429223392

4055 sahdkjhfkaj the Severer (level 10, -23/97 HPs)
             Began as a Hill Orc Monk on Sept 26, 2020.
             Was a High Priest of Beogh.
             Hit by a large rock thrown by a cyclops (40 damage)
             ... in the Dungeon (Sprint VII: "The Pits").
             The game lasted 00:03:49 (2038 turns).

sahdkjhfkaj the Severer (Hill Orc Monk)             Turns: 2038, Time: 00:03:49

Health: -23/97     AC: 19    Str: 18    XL:     10   Next: 25%
Magic:  5/19       EV: 11    Int: 10    God:    Beogh [*****.]
Gold:   0          SH:  0    Dex: 19    Spells: 9/9 levels left

rFire    . . .     SeeInvis .   r - +2 war axe (drain)
rCold    . . .     Faith    .   (no shield)
rNeg     . . .     Spirit   .   b - +2 plate armour {MR+}
rPois    .         Reflect  .   s - +0 helmet
rElec    .         Harm     .   (no cloak)
rCorr    .         Rampage  .   (no gloves)
MR       +....     NoTele   +   i - +0 pair of boots
Stlth    ..........             (no amulet)
HPRegen  0.26/turn              n - +3 ring of dexterity
MPRegen  0.16/turn              o - +3 ring of dexterity

@: no status effects
A: walk on water
a: Smiting, Recall Orcish Followers, Give Item to Named Follower, Renounce
Religion


You were in the Dungeon.
You worshipped Beogh.
Beogh was extremely pleased with you.
You visited 1 branch

Inventory:

Hand Weapons
 r - a +2 war axe of draining (weapon)
Armour
 b - a +2 plate armour of magic resistance (worn)
 i - a +0 pair of boots (worn)
 s - a +0 helmet (worn)
Jewellery
 n - a +3 ring of dexterity (left hand)
 o - a +3 ring of dexterity (right hand)
Scrolls
 h - a scroll of blinking
 j - 3 scrolls of remove curse
 k - 5 scrolls of amnesia
 l - a scroll of summoning
 m - 2 scrolls of vulnerability
Potions
 a - 2 potions of invisibility
 c - 6 potions of curing
 d - 10 potions of heal wounds
 e - a potion of haste
 f - 4 potions of magic
 g - 4 potions of berserk rage
 p - 5 potions of stabbing
 q - 2 potions of might


   Skills:
 + Level 11.9 Fighting
 * Level 17.0 Axes
 + Level 10.5 Armour
 + Level 8.6 Dodging
 - Level 1.5 Stealth
 + Level 12.3 Invocations


You had 9 spell levels left.
You didn't know any spells.
Your spell library was empty.

Dungeon Overview and Level Annotations

Branches:
Dungeon (1/1)

Altars:
Ashenzari
Cheibriados
Dithmenos
Elyvilon
Fedhas
Gozag
Hepliaklqana
Kikubaaqudgha
Makhleb
Nemelex Xobeh
Okawaru
Qazlal
Ru
Sif Muna
Trog
Uskayaw
Vehumet
Wu Jian
Xom
Yredelemnul
Zin
The Shining One
Beogh
Jiyva
Lugonu


Message History

The fire crab closely misses you.
The fire crab claws you but does no damage.
Unknown command.
You slash the fire crab!
The fire crab is almost dead.
The fire crab breathes flames at you. The blast of flame engulfs you.
Your orc warrior is engulfed in blazing flames. x2
You slash the fire crab!
You kill the fire crab!
Beogh accepts your kill.
Your Axes skill increases to level 17!
You are engulfed in blazing flames.
Your orc warrior is engulfed in blazing flames.
Unknown command.
You are engulfed in blazing flames.
* * * LOW HITPOINT WARNING * * *
Your orc warrior is engulfed in blazing flames.
The cyclops throws a large rock.
The large rock hits you!!!
You die...

.....##..####.....#
.....##...##......# #
#######....†......+ .+
#######...##......# ..#
#o.[[##..####.....##.##
#....##..# ##°o°##...##
oo.))##..##.
##o##.....# #o.))##..#
#..#o#°......
#..))##..# #.°°@°C#
########## ########


You could see a cyclops and 3 friendly orc warriors.

Vanquished Creatures
  A fire crab (D)
  A swamp dragon (D)
  A phantasmal warrior (D)
  A manticore (D)
  An efreet (D)
  A polar bear (D)
  A snapping turtle (D)
  A shadow (D)
  A tarantella (D)
  3 yaks (D)
  A basilisk (D)
  An acid dragon (D)
  Duvessa (D)
  A floating eye (D)
  A black bear (D)
  A wolf (D)
  A crocodile (D)
  Dowan (D)
  A hound (D)
  Terence (D)
  A worker ant (D)
  A white imp (D)
  An ooze (D)
  An adder skeleton (D)
  An adder zombie (D)
  A worm (D)
  2 orcs (D)
  A bat zombie (D)
  2 jackals (D)
  2 kobolds (D)
  A quokka (D)
  A frilled lizard (D)
  A rat (D)
38 creatures vanquished.

Vanquished Creatures (others)
  2 orc wizards (D)
  2 orcs (D)
4 creatures vanquished.

Grand Total: 42 creatures vanquished

Notes
Turn   | Place    | Note
-------+----------+-------------------------------------------
     0 | D        | sahdkjhfkaj the Hill Orc Monk began the quest for the Orb.
     0 | D        | Reached XP level 1. HP: 19/19 MP: 1/1
   172 | D        | Found a bloodstained altar of Trog.
   172 | D        | Found a shimmering blue altar of Sif Muna.
   172 | D        | Found a viscous altar of Jiyva.
   172 | D        | Found a hazy altar of Hepliaklqana.
   172 | D        | Found an opulent altar of Gozag.
   173 | D        | Found a glowing golden altar of the Shining One.
   173 | D        | Found a glowing silver altar of Zin.
   173 | D        | Found a basalt altar of Yredelemnul.
   173 | D        | Found a shimmering altar of Xom.
   173 | D        | Found an ornate altar of the Wu Jian Council.
   173 | D        | Found a sacrificial altar of Ru.
   173 | D        | Found a stormy altar of Qazlal.
   173 | D        | Found an iron altar of Okawaru.
   173 | D        | Found a sparkling altar of Nemelex Xobeh.
   173 | D        | Found a burning altar of Makhleb.
   173 | D        | Found a blossoming altar of Fedhas.
   173 | D        | Found a white marble altar of Elyvilon.
   173 | D        | Found a shadowy altar of Dithmenos.
   173 | D        | Found a snail-covered altar of Cheibriados.
   174 | D        | Found a radiant altar of Vehumet.
   174 | D        | Found a corrupted altar of Lugonu.
   174 | D        | Found a roughly hewn altar of Beogh.
   175 | D        | Found a hide-covered altar of Uskayaw.
   175 | D        | Found an ancient bone altar of Kikubaaqudgha.
   175 | D        | Found a broken altar of Ashenzari.
   182 | D        | Became a worshipper of Beogh the Brigand
   182 | D        | Reached * piety under Beogh
   182 | D        | Reached ** piety under Beogh
   243 | D        | Reached skill level 1 in Armour
   508 | D        | Reached skill level 1 in Invocations
   512 | D        | Reached skill level 5 in Axes
   512 | D        | Reached XP level 2. HP: 13/27 MP: 1/3
   515 | D        | Reached *** piety under Beogh
   808 | D        | Noticed a floating eye
   814 | D        | Paralysed by a floating eye for 2 turns
   816 | D        | Reached skill level 6 in Axes
   816 | D        | Reached XP level 3. HP: 21/34 MP: 1/5
   819 | D        | Paralysed by a floating eye for 2 turns
   823 | D        | Paralysed by a floating eye for 4 turns
   830 | D        | Killed a floating eye
   830 | D        | Reached **** piety under Beogh
   830 | D        | Reached skill level 5 in Fighting
   830 | D        | Reached skill level 8 in Axes
   830 | D        | Reached XP level 4. HP: 23/44 MP: 2/7
   830 | D        | Reached XP level 5. HP: 27/50 MP: 2/8
  1155 | D        | Reached skill level 5 in Invocations
  1157 | D        | Noticed a black bear
  1158 | D        | Noticed Dowan
  1159 | D        | Killed Dowan
  1159 | D        | Reached skill level 9 in Axes
  1159 | D        | Noticed Duvessa
  1161 | D        | Noticed Terence
  1191 | D        | Killed Terence
  1191 | D        | Reached skill level 5 in Armour
  1204 | D        | Killed a black bear
  1204 | D        | Reached skill level 10 in Axes
  1204 | D        | Reached skill level 5 in Dodging
  1204 | D        | Reached XP level 6. HP: 47/60 MP: 6/11
  1205 | D        | Killed Duvessa
  1205 | D        | Reached skill level 11 in Axes
  1294 | D        | Reached ***** piety under Beogh
  1294 | D        | Reached XP level 7. HP: 58/68 MP: 12/12
  1342 | D        | Noticed a shadow
  1343 | D        | Killed a shadow
  1343 | D        | Reached skill level 12 in Axes
  1388 | D        | Noticed a basilisk
  1390 | D        | Killed a basilisk
  1391 | D        | Reached XP level 8. HP: 78/78 MP: 7/14
  1667 | D        | Noticed a snapping turtle
  1667 | D        | Noticed an efreet
  1673 | D        | Killed a snapping turtle
  1673 | D        | Reached skill level 13 in Axes
  1676 | D        | Killed an efreet
  1816 | D        | Noticed a yak
  1816 | D        | Noticed a yak
  1816 | D        | Noticed a yak
  1816 | D        | Noticed a phantasmal warrior
  1819 | D        | Killed a phantasmal warrior
  1819 | D        | Reached skill level 10 in Fighting
  1819 | D        | Reached skill level 14 in Axes
  1819 | D        | Reached skill level 10 in Invocations
  1819 | D        | Reached XP level 9. HP: 57/85 MP: 9/16
  1825 | D        | Reached skill level 15 in Axes
  2012 | D        | Noticed a cyclops
  2015 | D        | Noticed a fire crab
  2015 | D        | Noticed a swamp dragon
  2015 | D        | Noticed a manticore
  2019 | D        | Killed a swamp dragon
  2019 | D        | Noticed a polar bear
  2021 | D        | Reached skill level 16 in Axes
  2030 | D        | Killed a polar bear
  2030 | D        | Reached skill level 10 in Armour
  2032 | D        | Killed a manticore
  2032 | D        | Reached XP level 10. HP: 46/97 MP: 7/19
  2037 | D        | Killed a fire crab
  2037 | D        | Reached skill level 17 in Axes
  2038 | D        | Hit by a large rock thrown by a cyclops

Illustrated notes

Levels and vault maps discovered:
D:        pitsprint [storerooms_1, entrance_room_1, metal_vault_3, armoury_2,
          mini_pit_1, grid_room_1, main_hall_1, silver_pit, the_coven_2,
          the_vestibule_1, steel_vault_2, golden_pit, hallway_of_sentries,
          crystal_vault_6, iron_vault_4, final_vault]

Skill      XL: |  1  2  3  4  5  6  7  8  9 10 |
---------------+-------------------------------+-----
Armour         | 1 2 4 5 6 7 8 10 | 10.5
Fighting       | 4 5 7 8 9 10 11 | 11.9
Invocations    | 1 2 4 6 7 8 10 12 | 12.3
Axes           | 5 6 8 10 11 12 14 16 17 | 17.0
Dodging        | 3 4 5 6 7 8 |  8.6
Stealth        | |  1.5

Action                   |  1- 3 |  4- 6 |  7- 9 | 10-12 || total
-------------------------+-------+-------+-------+-------++-------
Melee: Hand axe          |    51 |    47 |     2 |       ||   100
       War axe           |       |       |    31 |     4 ||    35
Invok: Smiting           |     1 |     3 |    17 |     1 ||    22
 Stab: Sleeping          |     1 |       |       |       ||     1
Armor: Robe              |     5 |       |       |       ||     5
       Leather armour    |     2 |       |       |       ||     2
       Plate armour      |       |    57 |    26 |     4 ||    87
Dodge: Dodged            |    27 |    24 |    19 |     2 ||    72

Table legend: (Time is in decaauts)
 A = Elapsed time spent in this place.
 B = Non-inter-level travel time spent in this place.
 C = Inter-level travel time spent in this place.
 D = Time resting spent in this place.
 E = Time spent auto-exploring this place.
 F = Levels seen in this place.
 G = Mean time per level.
                   A        B        C        D        E       F      G
               +--------+--------+--------+--------+--------+-----+--------+
         Total |   2018 |   1946 |     72 |   1505 |      0 |   1 | 2018.0 |
       Dungeon |   2018 |   1946 |     72 |   1505 |      0 |   1 | 2018.0 |
               +--------+--------+--------+--------+--------+-----+--------+

Top non-repeatable levels by time:
       D: 2018 daAuts
